 Dungeon Crawl Stone Soup version 0.17-a0-670-g5d95ebd (webtiles) character file.

415 Kisielow the Magician (level 6, -1/34 HPs)
             Began as a Deep Elf Necromancer on Apr 18, 2015.
             Slain by an adder (4 damage)
             ... on level 5 of the Dungeon.
             The game lasted 00:14:47 (5286 turns).

Kisielow the Magician (Deep Elf Necromancer)        Turns: 5286, Time: 00:14:47

Health: -1/34      AC:  2    Str:  5    XL:     6   Next: 60%
Magic:  8/18       EV: 13    Int: 22    God:
Gold:   242        SH:  0    Dex: 15    Spells: 4 memorised, 10 levels left

rFire  . . .     SeeInvis .     (no weapon)
rCold  . . .     Clarity  .     a - +0 robe
rNeg   . . .     SustAb   +     (no shield)
rPois  .         Gourm    .     (no helmet)
rElec  .         Spirit   .     (no cloak)
rCorr  .         Warding  .     (no gloves)
rMut   .         Stasis   .     (no boots)
MR     .....                    (no amulet)
Stlth  ++........               (no ring)
                                u - ring of sustain abilities

@: not resistant to hostile enchantments, unstealthy
A: no striking features
a: no special abilities


You were on level 5 of the Dungeon.
You were not hungry.

You visited 2 branches of the dungeon, and saw 6 of its levels.

You collected 242 gold pieces.

Inventory:

Armour
 a - a +0 robe (worn)
Jewellery
 u - a ring of sustain abilities (left hand)
Scrolls
 d - a scroll of remove curse {unknown}
 f - 7 scrolls of identify {unknown}
 g - a scroll of teleportation {unknown}
 i - 3 scrolls of amnesia {unknown}
 m - 3 scrolls of immolation {unknown}
 n - a scroll of blinking {unknown}
 o - 2 scrolls of magic mapping {unknown}
Potions
 e - 3 potions of curing {unknown}
 h - a potion of magic {unknown}
 l - a potion of might {unknown}
 q - a potion of brilliance {unknown}
 t - a potion of flight {unknown}
Books
 b - a book of Necromancy

   Spells                             Type                      Level
   a - Pain                           Necromancy                   1
   b - Animate Skeleton               Necromancy                   1
   c - Vampiric Draining              Necromancy                   3
   d - Regeneration                   Charms/Necromancy            3
   e - Animate Dead                   Necromancy                   4
   f - Control Undead                 Necromancy                   4
 p - a book of Death

   Spells                             Type                      Level
   a - Corpse Rot                     Necromancy                   2
   b - Sublimation of Blood           Necromancy                   2
   c - Agony                          Necromancy                   5
   d - Dispel Undead                  Necromancy                   5
   e - Excruciating Wounds            Charms/Necromancy            5
   f - Bolt of Draining               Conjuration/Necromancy       5
Comestibles
 c - 3 bread rations
 j - 4 fruits
 k - 3 meat rations
 r - a royal jelly
 s - 2 chunks of flesh


   Skills:
 * Level 1.4 Fighting
 - Level 2.4 Dodging
 - Level 2.4 Stealth
 - Level 7.1 Spellcasting
 - Level 7.0 Necromancy


You had 10 spell levels left.
You knew the following spells:

 Your Spells              Type           Power        Failure   Level  Hunger
a - Pain                  Necr           ####         1%          1    None
b - Animate Skeleton      Necr           N/A          1%          1    None
c - Animate Dead          Necr           N/A          6%          4    ###....
r - Regeneration          Chrm/Necr      ###.......   8%          3    None


Dungeon Overview and Level Annotations

Branches:
Dungeon (5/15)             Temple (1/1) D:4

Altars:
Ashenzari
Cheibriados
Dithmenos
Elyvilon
Gozag
Makhleb
Okawaru
Qazlal
Sif Muna
Trog
Vehumet
Xom
Yredelemnul
The Shining One


Message History

The bat barely misses your giant gecko skeleton.
The bat hits your giant gecko skeleton.
Your giant gecko skeleton is destroyed!
The adder barely misses you.
Casting: Pain
Confirm with . or Enter, or press ? or * to list all spells.
Aiming: Pain
Press: ? - help, Shift-Dir - straight line, f/p - orc
Aim: an orc (moderately wounded, chance 93%)
The adder convulses in agony!
The adder closely misses you.
Casting: Pain
Confirm with . or Enter, or press ? or * to list all spells.
Aiming: Pain
Press: ? - help, Shift-Dir - straight line, f/p - orc
Aim: an orc (moderately wounded, chance 93%)
The adder convulses in agony!
The bat hits you but does no damage. The adder bites you.
* * * LOW HITPOINT WARNING * * *
The bat misses you. The adder bites you.
You die...

#.......#
#.#####.# #.#
#.# #.# #.# #.#
##.########
########.#
#.........#
#....<...#
#..######.##
#.########
#.b.........
#.#@###.#.##
#.#S#
#...o[...#
..............<
.###..#.#......
#..#.#..##.#
#..#.#..# ..
#.# .# #. #.#
.#


You could see an adder, an orc and a bat.

Vanquished Creatures
  A sky beast (D:4)
  A jelly (D:4)
  2 orc priests (D:5)
  A hound (D:4)
  A worker ant (D:4)
  6 adders
  A worm (D:3)
  An orc (D:4)
  7 bats
  4 giant cockroaches
  8 hobgoblins
  2 giant geckos
  3 giant newts
  10 goblins
  4 jackals
  6 kobolds
  10 rats
68 creatures vanquished.

Vanquished Creatures (collateral kills)
  A scorpion (D:4)
  3 adders
  An adder skeleton (D:4)
  A goblin (D:4)
  A jackal (D:1)
  A ball python (D:3)
  A kobold (D:4)
9 creatures vanquished.

Vanquished Creatures (others)
  A hound zombie (D:4)
  3 bat skeletons
  A giant gecko skeleton (D:5)
  A goblin skeleton (D:1)
  A goblin zombie (D:4)
  A hobgoblin skeleton (D:4)
  2 kobold skeletons (D:1)
  4 rat skeletons
  A rat zombie (D:4)
15 creatures vanquished.

Grand Total: 92 creatures vanquished

Notes
Turn   | Place    | Note
--------------------------------------------------------------
     0 | D:1      | Kisielow, the Deep Elf Necromancer, began the quest for the Orb.
     0 | D:1      | Reached XP level 1. HP: 10/10 MP: 6/6
    49 | D:1      | Reached skill level 5 in Necromancy
    52 | D:1      | Learned a level 1 spell: Animate Skeleton
   489 | D:1      | Reached XP level 2. HP: 13/15 MP: 5/8
  1275 | D:1      | Reached XP level 3. HP: 12/19 MP: 4/9
  2209 | D:2      | Reached skill level 6 in Necromancy
  2219 | D:2      | Learned a level 3 spell: Regeneration
  2366 | D:2      | Reached XP level 4. HP: 24/24 MP: 10/12
  2372 | D:2      | Learned a level 4 spell: Animate Dead
  2593 | D:2      | Found a burning altar of Makhleb.
  2596 | D:2      | Noticed an Executioner
  3693 | D:3      | Found a snail-covered altar of Cheibriados.
  4296 | D:4      | Noticed a sky beast
  4303 | D:4      | Killed a sky beast
  4303 | D:4      | Reached skill level 5 in Spellcasting
  4303 | D:4      | Reached XP level 5. HP: 22/28 MP: 5/15
  4313 | D:4      | Reached skill level 7 in Necromancy
  4351 | D:4      | Found a staircase to the Ecumenical Temple.
  4373 | Temple   | Entered the Ecumenical Temple
  4588 | D:4      | Reached XP level 6. HP: 27/32 MP: 12/17
  5249 | D:5      | Entered Level 5 of the Dungeon
  5278 | D:5      | Reached skill level 1 in Fighting
  5286 | D:5      | Slain by an adder

Action                   |  1- 3 |  4- 6 || total
-------------------------+-------+-------++-------
Melee: Unarmed           |     2 |       ||     2
 Cast: Pain              |    58 |    79 ||   137
       Animate Skeleton  |    20 |     5 ||    25
       Regeneration      |     2 |     2 ||     4
       Animate Dead      |       |    12 ||    12
  Eat: Chunk             |     4 |     7 ||    11
       Bread ration      |       |     1 ||     1
